 Dungeon Crawl Stone Soup version 0.29-a0-732-g3d7fbe0af2 (webtiles) character file.

Game seed: 2367387934890411889

114 buhh the Trooper (level 5, 0/47 HPs)
             Began as a Meteoran Transmuter on June 29, 2022.
             Slain by a hobgoblin (2 damage)
             ... on level 2 of the Dungeon.
             The game lasted 00:02:15 (762 turns).

buhh the Trooper (Meteoran Transmuter)               Turns: 762, Time: 00:02:15

Health: 0/47       AC:  2    Str: 11    XL:     5   Next: 43%
Magic:  10/10      EV: 13    Int: 16    God:
Gold:   57         SH:  0    Dex: 15    Spells: 8/9 levels left

rFire   . . .      SeeInvis .     - Unarmed
rCold   . . .      Faith    .   (no shield)
rNeg    . . .      Spirit   .   a - +0 robe
rPois   .          Reflect  .   (helmet currently unavailable)
rElec   .          Harm     .   (no cloak)
rCorr   .          Rampage  .   (no gloves)
Will    .....                   (boots currently unavailable)
Stlth   +.........              (no amulet)
HPRegen 0.15/turn               (no ring)
MPRegen 0.12/turn               (no ring)

@: lethally poisoned (0 -> -6), appendages (expiring), glowing
A: horns 2, talons 2, sense surroundings 1, otherworldly, glowing, explore regen
a: End Transformation


You were on level 2 of the Dungeon.
You had temporarily grown beastly horns and talons.
You visited 1 branch of the dungeon, and saw 2 of its levels.

You collected 57 gold pieces.

Inventory:

Armour
 a - a +0 robe (worn)
Magical Staves
 q - a staff of conjuration
Scrolls
 g - a scroll of identify {!d}
 T - 3 scrolls of immolation {!d}
Potions
 c - a potion of heal wounds {unknown}


   Skills:
 * Level 4.3 Fighting
 - Level 3.0 Dodging
 - Level 4.0 Unarmed Combat
 - Level 2.9 Spellcasting
 - Level 2.6 Transmutations


You had 8 spell levels left.
You knew the following spells:

 Your Spells              Type           Power      Damage    Failure   Level
a - Beastly Appendage     Tmut           20%        N/A       6%          1

Your spell library contained the following spells:

 Spells                   Type           Power      Damage    Failure   Level
 Wereblood                Tmut           10%        N/A       10%         2
 Spider Form              Tmut/Pois      6%         N/A       32%         3
 Ice Form                 Ice/Tmut       6%         N/A       73%         4


Dungeon Overview and Level Annotations

Branches:
Dungeon (2/15) Zot: 440

Altars:
Kikubaaqudgha

Annotations:
D:2 Sigmund


Innate Abilities, Weirdness & Mutations

You have temporarily grown beastly horns and talons.
You passively map a small area around you.
You are easily found by Zot.
You glow in the dark.
You regain HP and MP as you explore.


Message History

The scorpion is moderately wounded.
You feel sick. The scorpion stings you! The hobgoblin closely misses you.
You hit the scorpion.
The scorpion is heavily wounded.
Your transformation is almost over.
You feel sick. The scorpion stings you!
* * * LOW HITPOINT WARNING * * *
The hobgoblin hits you.
* * * LOW HITPOINT WARNING * * *
You barely miss the scorpion. Your kick misses the scorpion.
The scorpion is heavily wounded.
You feel sick. The scorpion barely misses you. The hobgoblin hits you.
* * * LOW HITPOINT WARNING * * *
You hit the scorpion but do no damage. Your headbutt misses the scorpion.
The scorpion is heavily wounded.
You feel sick.
The scorpion stings you but does no damage.
The hobgoblin barely misses you.
You hit the scorpion but do no damage.
The scorpion is heavily wounded.
You feel sick. The scorpion misses you. The hobgoblin closely misses you.
The scorpion stings you but does no damage.
You barely miss the scorpion. Your kick misses the scorpion.
Your headbutt misses the scorpion.
The scorpion is heavily wounded.
You feel your willpower return.
You feel sick. The scorpion stings you.
* * * LOW HITPOINT WARNING * * *
You are lethally poisoned!
The scorpion poisons you! The hobgoblin closely misses you.
You hit the scorpion but do no damage. Your kick misses the scorpion.
You headbutt the scorpion!
The scorpion is almost dead.
* * * LOW HITPOINT WARNING * * *
You feel sick. The scorpion closely misses you.
You hit the scorpion but do no damage. You claw the scorpion.
You kill the scorpion!
* * * LOW HITPOINT WARNING * * *
You feel sick. The hobgoblin hits you.
You die...

* ### **#.# * ... #.# *
,* *#####.# #.#
.....#.##.# * *
*###..##.#.###### *
.......l.......###.#
##.##..##g#....g.....#
.......#g#######.###.#
.......@## #.# #.#
.......## #g# #.#
.......* #.# #.# *
.......* #g# #.#
.......* #.# #.#
.......* #.###.###
##.##..#########.##.....
......J...g.g..........
.##...l#####.####...#.


You could see a hobgoblin, a goblin and a frilled lizard.

Vanquished Creatures
  An ogre (D:2)
  A scorpion (D:2)
  An adder (D:2)
  2 ball pythons (D:1)
  A bat (D:2)
  2 endoplasms (D:1)
  A giant cockroach (D:2)
  2 goblins
  3 hobgoblins (D:1)
  2 kobolds
  2 frilled lizards (D:1)
  2 rats (D:1)
20 creatures vanquished.

Notes
Turn   | Place    | Note
-------+----------+-------------------------------------------
     0 | D:1      | buhh the Meteoran Transmuter began the quest for the Orb.
     0 | D:1      | Reached XP level 1. HP: 16/16 MP: 5/5
   168 | D:1      | Reached XP level 2. HP: 7/23 MP: 6/6
   501 | D:1      | Glimpsed the power of Zot.
   536 | D:2      | Reached XP level 3. HP: 26/28 MP: 6/8
   566 | D:2      | Noticed an ogre
   574 | D:2      | Killed an ogre
   575 | D:2      | Reached XP level 4. HP: 31/40 MP: 9/9
   575 | D:2      | Reached XP level 5. HP: 35/46 MP: 10/10
   695 | D:2      | Found an ancient bone altar of Kikubaaqudgha.
   725 | D:2      | Noticed Sigmund
   762 | D:2      | HP: 2/47 [poisoned by a scorpion]
   762 | D:2      | Slain by a hobgoblin

Illustrated notes

Levels and vault maps discovered:
D:1:      elethiomel_arrival_maze, layout_basic, serial_shops,
          nicolae_shop_window_shopping
D:2:      layout_loops_ring, basic_altar, uniq_sigmund, uniq_crazy_yiuf_cottage

Skill      XL: |  1  2  3 |
---------------+----------+-----
Fighting       | 4 |  4.3
Dodging        | 3 |  3.0
Unarmed Combat | 4 |  4.0
Spellcasting   | |  2.9
Transmutations | |  2.6

Action                   |  1- 3 |  4- 6 || total
-------------------------+-------+-------++-------
Melee: Unarmed           |    39 |    21 ||    60
       Kick              |     7 |     5 ||    12
       Headbutt          |     3 |     2 ||     5
       Punch             |     1 |     1 ||     2
 Cast: Beastly Appendage |     8 |     2 ||    10
  Use: Scroll            |     1 |     1 ||     2
       Potion            |     1 |       ||     1
Armor: Robe              |     7 |     5 ||    12
       Skin              |     9 |     2 ||    11
Dodge: Dodged            |    16 |    14 ||    30

Table legend: (Time is in decaauts)
 A = Elapsed time spent in this place.
 B = Non-inter-level travel time spent in this place.
 C = Inter-level travel time spent in this place.
 D = Time resting spent in this place.
 E = Time spent auto-exploring this place.
 F = Levels seen in this place.
 G = Mean time per level.
                   A        B        C        D        E       F      G
               +--------+--------+--------+--------+--------+-----+--------+
         Total |    758 |    694 |     64 |    116 |    376 |   2 |  379.0 |
       Dungeon |    758 |    694 |     64 |    116 |    376 |   2 |  379.0 |
               +--------+--------+--------+--------+--------+-----+--------+

Top non-repeatable levels by time:
     D:1: 502 daAuts
     D:2: 255 daAuts
